 Zot Defence DCSS version 0.15.2 (webtiles) character file.

625 Marenglen the Geomancer (level 7, -10/36 HPs)
             Began as a Gargoyle Earth Elementalist on Sept 8, 2016.
             Was an Initiate of Vehumet.
             Mangled by a goliath beetle (18 damage)
             ... in the Realm of Zot (Scenario II: Battle Heart).
             The game lasted 00:10:25 (1135 turns).

Marenglen the Geomancer (GrEE)                      Turns: 1135, Time: 00:10:25

HP -10/36        AC  9     Str 12      XL: 7   Next: 47%
MP   2/15        EV 12     Int 17      God: Vehumet [......]
Gold 0           SH  0     Dex 10      Spells:  4 memorised,  2 levels left

rFire  . . .     SeeInvis .     a - +0 mace
rCold  . . .     Clarity  .     c - +0 robe
rNeg   + . .     rCorr    .     (no shield)
rPois  +         rRot     +     (no helmet)
rElec  +         Spirit   .     (no cloak)
SustAb .         Warding  .     (no gloves)
rMut   .         Stasis   .     (no boots)
Gourm  .                        (no amulet)
MR     .....                    (no ring)
                                (no ring)

@: stone skin, very slightly contaminated, hasted, very quick, not resistant to
hostile enchantments, unstealthy
A: negative energy resistance 1, electricity resistance, unbreathing,
petrification resistance, rot immunity, AC +4
a: Make oklob sapling, Make arrow trap, Make plant, Remove Curse, Make burning
bush, Make altar, Make grenades, Make oklob plant, Renounce Religion


You were in the Realm of Zot.
You worshipped Vehumet.
Vehumet was noncommittal.
You were not hungry.

You visited 1 branch

Inventory:

Hand weapons
 a - a +0 mace (weapon)
 o - a +0 club
Missiles
 b - 8 stones (quivered)
Armour
 c - a +0 robe (worn)
Comestibles
 f - a bread ration
Scrolls
 j - a scroll of blinking
Potions
 h - 2 potions of magic
 l - 3 potions of curing
Books
 d - a book of Geomancy

   Spells                             Type                      Level
   *Sandblast                         Earth                        1
   *Stoneskin                         Transmutation/Earth          2
   Passwall                           Transmutation/Earth          3
   *Stone Arrow                       Conjuration/Earth            3
   Petrify                            Transmutation/Earth          4
   *Lee's Rapid Deconstruction        Earth                        5


   Skills:
 - Level 2.8 Maces & Flails
 - Level 1.5 Dodging
 - Level 2.1 Stealth
 + Level 3.5 Spellcasting
 - Level 0.7 Transmutations
 * Level 8.5 Earth Magic


You had 2 spell levels left.
You knew the following spells:

 Your Spells              Type           Power        Failure   Level  Hunger
a - Sandblast             Erth           ####..       1%          1    None
b - Stoneskin             Trmt/Erth      ###.....     3%          2    ##.....
c - Stone Arrow           Conj/Erth      ###...       10%         3    ###....
d - Lee's Rapid Deconstr  Erth           ####......   17%         5    #####..


Dungeon Overview and Level Annotations

Branches:
    Zot (1/1)

Altars:
Vehumet


Innate Abilities, Weirdness & Mutations

You are resistant to torment.
You are immune to poison.
Your stone body is very resilient (AC +4).
You resist negative energy.
You are resistant to electric shocks.
You can survive without breathing.
You are immune to petrification.
You are immune to rotting.


Message History

The goliath beetle appears unharmed.
The goliath beetle bites your oklob sapling!!
Your oklob sapling is destroyed!
You hit the goliath beetle but do no damage.
The goliath beetle is almost dead.
Unknown command.
You hit the goliath beetle but do no damage.
The goliath beetle is almost dead.
You hit the goliath beetle but do no damage.
The goliath beetle is almost dead.
The goliath beetle bites you.
* * * LOW HITPOINT WARNING * * *
You barely miss the goliath beetle.
The goliath beetle is almost dead.
Unknown command.
You hit the goliath beetle but do no damage.
The goliath beetle is almost dead.
The goliath beetle bites you!!
Ouch! That really hurt!
You die...

.....▓ ▓∆▓∆▓∆▓▓▓∆▓∆▓∆▓ ▓.....
....▓▓ ▓∆∆∆∆∆▓ ▓∆∆∆∆∆▓ ▓▓....
▓▓▓▓▓ ▓▓▓▓▓▓▓▓▓▓▓▓▓▓▓ ▓▓▓▓▓ ▓▓.▓▓
▓▓...▓▓ ▓▓.....▓▓ ▓
▓▓▓▓▓▓▓......P▓▓▓▓▓▓▓ ▓
▓▓▓▓▓▓▓.......)..)).......▓▓▓▓▓▓▓
.......)))))(.)B@))())))%........
......▓......%%P%%))%.....▓......
......▓▓▓▓▓▓▓.......▓▓▓▓▓▓▓......
....▓▓▓ ▓▓.....▓▓ ▓▓▓.... ...▓▓
▓▓...▓▓ ▓▓... ..▓▓ ▓▓.▓▓ ▓▓.. ▓▓▓
▓▓▓ ▓▓▓ ▓ ▓


You could see a goliath beetle, a friendly burning bush and a friendly oklob
sapling.

Vanquished Creatures
  A goliath beetle (Zot)
  A gnoll shaman (Zot)
  A hound (Zot)
  An orc wizard (Zot)
  An adder (Zot)
  3 green rats (Zot)
  2 giant mites (Zot)
  2 oozes (Zot)
  An orc (Zot)
  2 bats (Zot)
  A hobgoblin (Zot)
  2 kobolds (Zot)
  2 ball pythons (Zot)
  6 goblins (Zot)
  2 rats (Zot)
28 creatures vanquished.

Vanquished Creatures (collateral kills)
  A giant frog (Zot)
  A goliath beetle (Zot)
  An orc priest (Zot)
  Terence (Zot)
  An adder (Zot)
  A giant mite (Zot)
  A giant gecko (Zot)
  11 orcs (Zot)
  3 bats (Zot)
  4 giant cockroaches (Zot)
  21 goblins (Zot)
  9 hobgoblins (Zot)
  A quokka (Zot)
  3 ball pythons (Zot)
  A giant newt (Zot)
  4 jackals (Zot)
  5 kobolds (Zot)
  6 rats (Zot)
75 creatures vanquished.

Vanquished Creatures (others)
  An oklob sapling (Zot)
1 creature vanquished.

Grand Total: 104 creatures vanquished

Notes
Turn   | Place    | Note
--------------------------------------------------------------
     0 | Zot      | Marenglen, the Gargoyle Earth Elementalist, began the quest for the Orb.
     0 | Zot      | Reached XP level 1. HP: 10/10 MP: 3/3
   219 | Zot      | Reached skill level 4 in Earth Magic
   220 | Zot      | Reached XP level 2. HP: 15/15 MP: 0/4
   258 | Zot      | Learned a level 2 spell: Stoneskin
   349 | Zot      | Noticed Optitiz
   353 | Zot      | Killed Optitiz the giant frog
   353 | Zot      | Reached skill level 1 in Maces & Flails
   353 | Zot      | Reached skill level 5 in Earth Magic
   353 | Zot      | Reached XP level 3. HP: 19/19 MP: 3/6
   353 | Zot      | Reached XP level 4. HP: 24/24 MP: 3/7
   374 | Zot      | Learned a level 3 spell: Stone Arrow
   441 | Zot      | Reached XP level 5. HP: 28/28 MP: 9/9
   472 | Zot      | Reached skill level 6 in Earth Magic
   571 | Zot      | Noticed Terence
   577 | Zot      | Killed Terence
   623 | Zot      | Reached XP level 6. HP: 24/32 MP: 2/11
   657 | Zot      | Became a worshipper of Vehumet
   711 | Zot      | Reached skill level 7 in Earth Magic
   869 | Zot      | Reached XP level 7. HP: 27/36 MP: 0/14
   900 | Zot      | Reached skill level 8 in Earth Magic
   911 | Zot      | Learned a level 5 spell: Lee's Rapid Deconstruction
  1135 | Zot      | Mangled by a goliath beetle

Action                   |  1- 3 |  4- 6 |  7- 9 || total
-------------------------+-------+-------+-------++-------
Melee: Club              |       |     4 |       ||     4
       Mace              |       |    27 |    19 ||    46
 Cast: Sandblast         |     6 |    26 |     2 ||    34
       Stoneskin         |     1 |       |     1 ||     2
       Stone Arrow       |       |     2 |     9 ||    11
 Abil: Make oklob saplin |     1 |     1 |       ||     2
       Make altar        |       |     1 |       ||     1
       Make burning bush |       |       |     1 ||     1
  Use: Potion            |       |     2 |     1 ||     3
 Stab: Distracted        |       |     1 |     2 ||     3
